 Dungeon Crawl Stone Soup version 0.27-a0-522-g46bbb28828 (webtiles) character file.

Game seed: 7036410433782939555

272 Frqise the Sneak (level 6, -1/41 HPs)
             Began as an Octopode Brigand on Mar 5, 2021.
             Killed by divine providence
             ... invoked by an orc priest
              (11 damage)
             ... on level 3 of the Dungeon.
             The game lasted 00:07:57 (3680 turns).

Frqise the Sneak (Octopode Brigand)                 Turns: 3680, Time: 00:07:59

Health: -1/41      AC:  1    Str: 10    XL:     6   Next: 23%
Magic:  6/6        EV: 10    Int: 14    God:
Gold:   116        SH:  8    Dex: 15    Spells: 5/5 levels left

rFire    . . .     SeeInvis .   a - +2 dagger
rCold    . . .     Faith    .   k - +2 kite shield
rNeg     . . .     Spirit   .   (helmet restricted)
rPois    .         Reflect  .   (no amulet)
rElec    .         Harm     .   (no ring)
rCorr    .         Rampage  .   (no ring)
Will     .....                  (no ring)
Stlth    +++++.....             (no ring)
HPRegen  0.13/turn              (no ring)
MPRegen  0.10/turn              (no ring)
                                (no ring)
                                (no ring)

@: no status effects
A: almost no armour, amphibious, 8 rings, constrict 8, camouflage 1, gelatinous
body 1, nimble swimmer 1
a: no special abilities


You were on level 3 of the Dungeon.
You visited 1 branch of the dungeon, and saw 3 of its levels.

You collected 116 gold pieces.

Inventory:

Hand Weapons
 a - a +2 dagger (weapon)
Missiles
 b - 5 poisoned darts (quivered)
 c - 2 curare-tipped darts
Armour
 k - a +2 kite shield (worn)
Jewellery
 o - an amulet of guardian spirit
Wands
 d - a wand of flame (4)
 l - a wand of mindburst (15)
Scrolls
 h - a scroll of immolation
 m - 4 scrolls of identify
Potions
 e - a potion of lignification
 f - a potion of might
 g - 2 potions of brilliance {unknown}
 i - a potion of magic {unknown}
 j - 2 potions of degeneration {unknown}
 n - a potion of flight {unknown}


   Skills:
 + Level 2.9 Fighting
 + Level 3.8 Short Blades
 + Level 2.2 Throwing
 + Level 2.1 Dodging
 + Level 7.5 Stealth
 + Level 0.6 Evocations


You had 5 spell levels left.
You didn't know any spells.
Your spell library was empty.

Dungeon Overview and Level Annotations

Branches:
Dungeon (3/15)

Altars:
Fedhas
Kikubaaqudgha


Innate Abilities, Weirdness & Mutations

You cannot wear most types of armour.
You are amphibious.
You can wear up to eight rings at the same time.
You can use your tentacles to constrict eight enemies at once.
Your skin changes colour to match your surroundings (Stealth+).
Your rubbery body absorbs attacks. (AC +1, EV +1)
You are stealthy while swimming. (Stealth+)


Message History

You constrict the orc priest. The orc closely misses you.
The orc priest closely misses you.
You hit the orc priest but do no damage.
The orc priest is heavily wounded.
You constrict the orc priest. The orc priest closely misses you.
You block the orc's attack.
You hit the orc priest but do no damage.
You squeeze the orc priest, but do no damage.
The orc priest is heavily wounded.
You constrict the orc priest, but do no damage.
The orc priest looks braver for a moment.
You block the orc's attack.
Unknown command.
You hit the orc priest but do no damage.
Your squeeze misses the orc priest.
The orc priest is heavily wounded.
You constrict the orc priest.
The orc priest looks encouraged for a moment.
The orc hits you with a +0 club.
* * * LOW HITPOINT WARNING * * *
The orc priest barely misses you.
You hit the orc priest but do no damage.
The orc priest is severely wounded.
You constrict the orc priest, but do no damage.
You block the orc's attack. You block the orc priest's attack.
Unknown command.
You hit the orc priest but do no damage.
You squeeze the orc priest.
The orc priest is almost dead.
You constrict the orc priest, but do no damage.
The orc barely misses you.
The orc priest hits you with a +0 dagger.
* * * LOW HITPOINT WARNING * * *
You hit the orc priest but do no damage.
The orc priest is almost dead.
You constrict the orc priest, but do no damage.
The orc closely misses you.
The orc priest calls down the wrath of Beogh upon you.
Beogh smites you!
You die...

### .. #.# .... #.###
###########
....###.#.###..)@o.?..#
#.#.........!†..o####.#
#.# #.#.....#.##.#
#.###.##...##.##.#
#.##.#.##..##.##.#
#.#.###..)....##.#
...#.#.##..#####.#
#.###.###..#####.# ###
####.........#


You could see an orc priest and an orc.

Vanquished Creatures
  An orc priest (D:3)
  Natasha (thrice) (D:3)
  Robin (D:3)
  8 adders
  A worm (D:2)
  2 dart slugs (D:1)
  A leopard gecko (D:2)
  2 orcs (D:3)
  5 giant cockroaches
  7 hobgoblins
  5 jackals (D:3)
  4 kobolds
  A quokka (D:3)
  2 ball pythons
  7 bats
  3 frilled lizards
  19 goblins
  10 rats
82 creatures vanquished.

Vanquished Creatures (others)
  8 plants (D:2)
  5 withered plants (D:2)
13 creatures vanquished.

Grand Total: 95 creatures vanquished

Notes
Turn   | Place    | Note
-------+----------+-------------------------------------------
     0 | D:1      | Frqise the Octopode Brigand began the quest for the Orb.
     0 | D:1      | Reached XP level 1. HP: 14/14 MP: 1/1
   235 | D:1      | Reached XP level 2. HP: 15/19 MP: 2/2
   342 | D:1      | Reached skill level 6 in Stealth
   755 | D:2      | Reached XP level 3. HP: 24/24 MP: 3/3
   810 | D:2      | Found a blossoming altar of Fedhas.
   810 | D:2      | Found an ancient bone altar of Kikubaaqudgha.
   916 | D:2      | HP: 1/24 [poisoned by an adder]
   919 | D:2      | Reached XP level 4. HP: 1/29 MP: 4/4
  1809 | D:2      | Reached skill level 7 in Stealth
  2246 | D:3      | Noticed Robin
  2259 | D:3      | Reached XP level 5. HP: 25/35 MP: 5/5
  2264 | D:3      | Killed Robin
  2302 | D:3      | Noticed Natasha
  2310 | D:3      | Killed Natasha
  2668 | D:3      | Noticed Natasha
  2707 | D:3      | Killed Natasha
  3197 | D:3      | Noticed Natasha
  3206 | D:3      | Killed Natasha
  3207 | D:3      | Reached XP level 6. HP: 9/41 MP: 6/6
  3680 | D:3      | Killed from afar by an orc priest

Illustrated notes

Levels and vault maps discovered:
D:1:      onia_arrival_mini_spirals, layout_rooms
D:2:      layout_loops_cross, grunt_temple_overflow_growth_and_decay,
          serial_park_tiny_2, st_stairs_6, serial_bayou_pond_b
D:3:      layout_loops_corners, nicolae_underground_beach, uniq_robin,
          uniq_natasha

Skill      XL: |  1  2  3  4  5 |
---------------+----------------+-----
Stealth        | 6 7 |  7.5
Short Blades   | 3 |  3.8
Dodging        | 2 |  2.1
Fighting       | |  2.9
Throwing       | |  2.2
Evocations     | |  0.6

Action                   |  1- 3 |  4- 6 || total
-------------------------+-------+-------++-------
Melee: Dagger            |    68 |    93 ||   161
       Constrict         |    18 |    24 ||    42
       Tentacles         |     9 |    24 ||    33
Throw: Dart              |       |    11 ||    11
Evoke: Wand              |       |    10 ||    10
  Use: Scroll            |       |     5 ||     5
       Potion            |       |     3 ||     3
 Stab: Sleeping          |     8 |     8 ||    16
Armor: Skin              |     1 |     5 ||     6
Dodge: Dodged            |    39 |    60 ||    99
Block: Kite shield       |       |     5 ||     5

Table legend: (Time is in decaauts)
 A = Elapsed time spent in this place.
 B = Non-inter-level travel time spent in this place.
 C = Inter-level travel time spent in this place.
 D = Time resting spent in this place.
 E = Time spent auto-exploring this place.
 F = Levels seen in this place.
 G = Mean time per level.
                   A        B        C        D        E       F      G
               +--------+--------+--------+--------+--------+-----+--------+
         Total |   3657 |   3657 |      0 |   1392 |   1636 |   3 | 1219.0 |
       Dungeon |   3657 |   3657 |      0 |   1392 |   1636 |   3 | 1219.0 |
               +--------+--------+--------+--------+--------+-----+--------+

Top non-repeatable levels by time:
     D:3: 1482 daAuts
     D:2: 1475 daAuts
     D:1: 699 daAuts
